AoeStats
← neiverrrr

Arabia

509590781Analyzed
1v1 RM · 6d ago on Sep 27, 2026· 47m 38s· 2 players
Game mode
Random Map
Map size
Tiny (2 player)
Population
200
Speed
Normal
Resources
Standard
Victory
Conquest
Starting age
Dark Age
Ending age
Imperial Age
RankedLock teamsTeams togetherTeam positionsShared explorationLock speedFull tech treeHidden civsTurbo modeCheats
Victory
Defeat
🇹🇷 Jurchens · Türkiye
797
+26
🇪🇸 Byzantines · Spain
818
-29
Qops
6:10 Loom
9:15 Feudal Age
9:49 Double-Bit Axe
10:39 Horse Collar
20:43 Castle Age
20:48 Scale Barding Armor
20:53 Forging
21:03 Bloodlines
21:47 Husbandry
22:36 Heavy Plow
34:58 Chain Barding Armor
35:14 Iron Casting
41:55 Imperial Age
39:36 Padded Archer Armor
39:27 Fletching
39:37 Scale Mail Armor
46:09 Plate Barding Armor
46:35 Blast Furnace
44:57 Elite Steppe Lancer
45:07 Elite Iron Pagoda
45:32 Spies/Treason
neiverrrr
4:21 Loom
10:32 Feudal Age
10:59 Horse Collar
11:07 Double-Bit Axe
14:43 Forging
25:11 Scale Mail Armor
Connection lost

Rejoining the realm…

Still unreachable

The connection could not be restored.

Session expired

The server has moved on; the page needs a fresh start.